cohdb
Replays
Latest Replays
All Replays
Popular Replays
Top Player Replays
Match Explorer
How It Works
Community
CoH3 Stats
Reddit
Sign in to upload your games and track your stats! →
Sign in with Steam
Match 40851762
Unlisted
Match 40851762
Overview
Messages
Build Orders
End
Kradschützen Motorcycle Team
Panzergrenadier Squad
Panzergrenadier Squad
Panzergrenadier Squad
Construct Light Support Kompanie
2.5-tonne Medical Truck
Fire Support Elements
Veteran Squad Leaders
Selects Armored Support Battlegroup
Selects Superior Fire Drills
Selects Flammpanzer III Medium Tank
2.5-tonne Medical Truck
Flammpanzer III Medium Tank
Flammpanzer III Medium Tank
Construct Mechanized Kompanie
Emergency Repair Kits
Rapid Advance
Flammpanzer III Medium Tank
Construct Panzerarmee Kommand
Flak 36 Anti-tank Gun Team
Vehicle Survival Package
Selects Salvage Kits
Selects Panzer Storm
Selects Stuka Dive Bomb
Dr Jello
Voodoo408
김치워리어
Calm
Einhander
FireFang
晴天小怪兽
Warheads
0
0
Comments
sign in to comment!
No comments posted yet!